Map: Disco Bloodbath LE

Players

SpeCial - Winner!

  • Race: Terran Terran
  • Spawn Location: 3:00

soO

  • Race: Zerg Zerg
  • Spawn Location: 9:00

Event: 2019 WCS Global FInals

VOD

Have the link to the VOD?

Description

Time

  • Played on: Oct. 24, 2019, 1:48 a.m.
  • Length: 38:08

All games in this series

Show
View Real Time Build Order
Export as new Build Order

SpeCial Terran - Winner!

Build Orders:  

Get SALT Encoding   

  12  0:00  SCV  
  13  0:12  SCV  
  14  0:17  Supply Depot  
  14  0:24  SCV  
  15  0:38  SCV  
  15  0:40  Barracks  
  16  0:43  Refinery  
  16  0:50  SCV  
  17  1:02  SCV  
  18  1:15  SCV  
  19  1:27  Orbital Command  
  19  1:28  Barracks Reactor  
  19  1:38  Command Center  
  19  1:46  Supply Depot  
  19  1:53  SCV  
  20  2:04  Factory  
  20  2:05  SCV  
  20  2:07  Marine x2  
  23  2:13  Refinery  
  23  2:17  SCV  
  24  2:25  Marine x2  
  24  2:29  SCV  
  27  2:41  SCV  
  27  2:42  Marine  
  27  2:43  Marine  
  30  2:48  Starport  
  30  2:49  Factory Reactor  
  30  2:50  Orbital Command  
  30  2:53  SCV  
  31  3:00  Marine  
  31  3:01  Marine  
  33  3:06  SCV  
  33  3:09  Supply Depot  
  34  3:17  SCV  
  34  3:18  Marine, SCV  
  34  3:19  Marine  
  38  3:29  SCV  
  38  3:32  Medivac x2  
  38  3:33  Supply Depot  
  38  3:34  SCV  
  44  3:39  Widow Mine  
  46  3:41  SCV  
  46  3:42  Marine x2  
  46  3:48  SCV  
  50  3:53  SCV  
  51  3:56  Supply Depot  
  51  4:00  SCV  
  52  4:05  SCV  
  52  4:06  Marine x2  
  55  4:12  SCV  
  54  4:18  SCV  
  54  4:22  Liberator  
  54  4:24  SCV, Command Center  
  56  4:30  SCV  
  57  4:36  SCV  
  57  4:37  Supply Depot  
  57  4:38  Hellion x2  
  62  4:42  SCV  
  66  4:48  SCV  
  67  4:55  SCV  
  68  5:00  SCV  
  70  5:07  SCV  
  70  5:09  Factory  
  70  5:10  Hellion x2  
  70  5:12  SCV  
  70  5:14  Factory  
  75  5:19  SCV  
  74  5:24  SCV  
  74  5:27  Starport Tech Lab  
  74  5:31  SCV  
  74  5:32  Refinery  
  74  5:33  Refinery  
  74  5:34  Hellion  
  77  5:36  Hellion  
  77  5:41  Orbital Command  
  79  5:44  Armory  
  79  5:45  Armory  
  79  5:46  Barracks Tech Lab  
  79  5:48  SCV x2  
  81  6:03  Hellion  
  77  6:04  SCV  
  77  6:09  SCV  
  77  6:10  Liberator x2  
  75  6:16  SCV  
  72  6:21  Hellion, SCV  
  70  6:25  Orbital Command  
  70  6:29  SCV  
  70  6:32  Orbital Command  
  72  6:33  SCV  
  72  6:35  Cyclone  
  76  6:41  SCV  
  76  6:42  Supply Depot x2  
  76  6:45  Hellion x2, Cyclone, SCV  
  85  6:48  Engineering Bay  
  85  6:51  Refinery  
  85  6:52  Command Center  
  85  6:53  SCV  
  86  6:54  Refinery  
  86  6:56  Terran Vehicle Weapons Level 1  
  86  6:57  SCV x2  
  86  6:59  Terran Vehicle And Ship Armor Level 1  
  88  7:05  SCV  
  88  7:06  Hellion x2  
  93  7:09  SCV x2  
  95  7:16  Cyclone  
  95  7:17  SCV  
  95  7:18  Cyclone  
  95  7:19  Missile Turret  
  95  7:21  SCV, Missile Turret  
  95  7:22  SCV  
  104  7:26  Missile Turret  
  104  7:27  Hellion  
  104  7:28  Hellion  
  104  7:29  SCV  
  109  7:33  SCV  
  109  7:34  SCV  
  109  7:41  SCV  
  107  7:45  Factory, SCV  
  107  7:46  SCV  
  107  7:47  Factory  
  107  7:50  Supply Depot  
  109  7:57  Starport Tech Lab  
  109  7:59  Supply Depot  
  109  8:01  SCV  
  109  8:03  Siege Tank x2, SCV  
  109  8:04  Hellion x2  
  120  8:06  SCV  
  121  8:13  SCV  
  122  8:21  SCV  
  122  8:24  Supply Depot  
  122  8:25  Hellion x2, Supply Depot  
  127  8:31  Mag-Field Accelerator, Infernal Pre-Igniter  
  127  8:33  Planetary Fortress  
  127  8:34  SCV x2  
  127  8:35  SCV  
  127  8:40  Siege Tank  
  133  8:46  Hellion x2, Supply Depot, SCV x2  
  133  8:47  SCV  
  140  8:49  Hellion x3, Siege Tank  
  140  8:55  Terran Ship Weapons Level 1, Terran Vehicle And Ship Armor Level 2  
  149  8:58  SCV  
  149  9:00  SCV x2  
  152  9:08  Hellion x2  
  154  9:14  Starport  
  154  9:15  Fusion Core, SCV x3, Starport  
  154  9:16  Refinery  
  153  9:19  Command Center  
  153  9:20  Refinery  
  151  9:25  Hellion  
  151  9:26  Cyclone  
  151  9:27  SCV x2  
  151  9:28  Starport Tech Lab  
  151  9:29  Hellion x2  
  151  9:30  SCV  
  155  9:39  SCV x2  
  155  9:40  SCV  
  155  9:41  Supply Depot  
  155  9:42  SCV  
  155  9:44  Supply Depot x2  
  159  9:51  Hellion, SCV x2  
  163  9:52  SCV  
  163  9:57  Starport Tech Lab x2  
  164  10:01  Siege Tank x2  
  164  10:02  Hellion  
  164  10:03  Hellion  
  172  10:08  SCV  
  173  10:19  Sensor Tower  
  175  10:21  Hellion  
  175  10:28  Battlecruiser  
  175  10:29  Battlecruiser  
  175  10:34  Hellion x3  
  175  10:35  Battlecruiser  
  194  10:36  Weapon Refit  
  194  10:39  Hellion  
  196  10:44  Command Center  
  196  10:46  Command Center  
  169  11:06  Hellion x3, Cyclone x3  
  180  11:20  Terran Vehicle And Ship Armor Level 3, Terran Vehicle Weapons Level 2  
  178  11:36  Missile Turret x2  
  178  11:37  Refinery  
  178  11:38  Cyclone, Refinery, Battlecruiser  
  178  11:39  Planetary Fortress  
  175  11:44  Hellion x3  
  181  11:47  Hellion  
  181  11:52  Battlecruiser  
  179  12:03  Battlecruiser  
  185  12:11  Hellion x3  
  185  12:12  Cyclone  
  185  12:13  Cyclone  
  195  12:17  Barracks  
  189  12:32  Missile Turret  
  189  12:33  Missile Turret  
  189  12:40  Command Center  
  189  12:41  Command Center  
  189  12:42  Battlecruiser  
  195  12:48  Hellion x2  
  195  12:49  Hellion x2  
  185  13:09  Hellion x3  
  179  13:13  Battlecruiser  
  184  13:23  Battlecruiser  
  190  13:30  Hellion x2  
  194  13:35  Terran Ship Weapons Level 2  
  194  13:44  Hellion  
  194  13:46  Command Center, Battlecruiser  
  196  13:53  Hellion  
  181  14:00  Barracks  
  181  14:05  Sensor Tower  
  181  14:10  Starport  
  181  14:11  Barracks  
  181  14:12  Barracks  
  181  14:14  Smart Servos, Starport  
  181  14:15  Missile Turret  
  181  14:16  Missile Turret  
  181  14:17  Battlecruiser  
  187  14:25  Hellion x3  
  187  14:26  Thor  
  187  14:27  Battlecruiser  
  188  14:36  Missile Turret x2  
  182  14:39  Thor  
  188  14:47  Orbital Command  
  188  14:48  Hellion x4, Orbital Command  
  188  14:50  Barracks Tech Lab  
  188  14:53  Starport Reactor  
  188  14:54  Starport Reactor  
  188  14:59  Planetary Fortress  
  188  15:04  Barracks Tech Lab, Orbital Command  
  188  15:05  Barracks Tech Lab  
  188  15:08  Hellion x3  
  188  15:10  Ghost Academy  
  194  15:14  Liberator x2  
  194  15:15  Liberator x4  
  192  15:23  Refinery  
  192  15:25  Refinery  
  192  15:38  Missile Turret  
  192  15:39  Missile Turret  
  186  15:45  Ghost x2  
  186  15:48  Enhanced Shockwaves  
  190  15:52  SCV x3  
  190  15:56  Advanced Ballistics  
  186  16:11  Battlecruiser, Missile Turret  
  186  16:12  Missile Turret  
  186  16:16  Ghost x2  
  186  16:17  Ghost  
  197  16:19  Medivac  
  197  16:21  Liberator x2  
  197  16:22  Corvid Reactor  
  199  16:32  Thor  
  199  16:45  Orbital Command  
  199  16:52  Liberator  
  172  16:55  Battlecruiser x2  
  178  17:03  Ghost x2  
  185  17:17  Liberator  
  185  17:19  Hellion x4  
  185  17:22  Terran Ship Weapons Level 3  
  199  17:31  Raven  
  199  17:37  SCV x2  
  200  18:02  Raven x2  
  197  18:08  Command Center, Missile Turret  
  197  18:09  Refinery  
  193  18:13  Refinery  
  193  18:20  Missile Turret  
  193  18:23  Command Center, Battlecruiser  
  193  18:24  Sensor Tower, Command Center  
  199  18:29  Liberator  
  199  18:37  Hellion  
  197  18:45  Battlecruiser  
  200  19:02  Liberator  
  175  19:13  Battlecruiser  
  167  19:26  Liberator x3  
  167  19:27  Battlecruiser  
  173  19:39  SCV  
  173  19:40  Orbital Command x2  
  183  19:49  Hellion x3  
  183  19:50  Battlecruiser  
  177  20:18  SCV x5  
  177  20:20  Viking x2  
  186  20:22  SCV  
  186  20:25  SCV  
  186  20:26  Viking  
  190  20:35  Viking x2  
  194  20:38  SCV x2  
  194  20:39  SCV  
  193  20:59  Battlecruiser  
  193  21:02  Viking x2  
  151  21:41  Battlecruiser x2  
  134  21:50  Viking x3  
  134  21:53  Terran Vehicle Weapons Level 3  
  131  21:58  Ghost x2  
  133  22:04  Battlecruiser  
  133  22:08  Hellion x3  
  145  22:12  Medivac  
  147  22:17  Hellion x2  
  153  22:22  Hellion  
  153  22:27  Viking  
  153  22:29  Hellion  
  157  22:33  Hellion x2  
  161  22:45  Raven  
  161  22:47  Viking x2  
  167  22:51  Orbital Command  
  167  22:53  Refinery  
  167  22:56  Refinery  
  167  22:57  Hellion x3  
  173  22:58  Refinery  
  173  23:03  SCV x2  
  173  23:04  SCV  
  173  23:05  Missile Turret  
  174  23:09  Hellion x3  
  178  23:16  Hellion  
  178  23:25  Liberator, Missile Turret  
  172  23:30  Liberator  
  172  23:31  Viking  
  174  23:46  Liberator  
  171  24:15  SCV x2  
  167  24:18  SCV x3  
  170  24:25  Liberator  
  168  24:37  SCV  
  168  24:38  SCV  
  173  24:57  SCV  
  174  25:00  Orbital Command  
  174  25:08  Liberator  
  174  25:10  Hellion x2  
  179  25:19  Raven  
  183  25:35  Hellion, Missile Turret  
  185  25:42  Liberator x2  
  184  25:43  Liberator  
  184  25:45  Raven  
  182  25:52  Raven  
  184  26:04  Missile Turret  
  192  26:09  Orbital Command  
  192  26:10  Hellion  
  192  26:11  Hellion x3  
  191  26:13  Viking  
  191  26:16  Hellion  
  193  26:44  Missile Turret x2  
  193  26:45  Missile Turret  
  193  26:46  Missile Turret  
  193  26:50  Missile Turret  
  193  27:22  Battlecruiser  
  199  27:31  Command Center  
  197  27:41  Hellion x3  
  197  27:49  Missile Turret x2  
  197  27:50  Missile Turret  
  185  28:20  Viking x2  
  185  28:21  Viking  
  185  28:24  Missile Turret  
  185  28:25  Missile Turret  
  185  28:26  Missile Turret  
  191  28:33  Missile Turret  
  191  28:34  Missile Turret  
  191  28:41  Viking  
  193  29:17  Hellion x5  
  193  29:18  Hellion  
  197  29:27  Hellion  
  188  30:08  Viking  
  188  30:09  Viking x2  
  183  30:23  Orbital Command  
  178  30:29  Orbital Command  
  174  30:35  Orbital Command  
  170  30:47  Orbital Command  
  170  30:55  Hellion  
  170  30:56  Hellion x6, SCV x2  
  186  31:02  Refinery  
  186  31:18  Refinery  
  186  31:19  Refinery  
  186  31:34  Viking  
  188  31:41  SCV  
  189  31:56  Orbital Command  
  187  32:19  Viking x3  
  135  32:46  Viking x2  
  93  33:11  SCV x5  
  80  33:21  SCV  
  80  33:23  SCV x2  
  80  33:24  Hellion  
  80  33:25  Hellion x3  
  92  33:27  SCV  
  92  33:28  Hellion  
  92  33:29  Hellion x2  
  92  33:32  SCV x2  
  100  33:36  SCV x3  
  100  33:39  SCV  
  104  33:46  Hellion  
  92  34:43  Battlecruiser  
  98  35:07  Battlecruiser  
  98  35:11  Liberator  
  99  35:26  Orbital Command  
  89  35:37  Orbital Command  
  89  35:49  Orbital Command  
  87  36:20  Orbital Command  
  87  36:28  SCV  
  87  36:49  Missile Turret  
  86  37:00  Refinery x2  
  86  37:07  Missile Turret  
  85  37:12  Missile Turret  
  84  37:29  Hellion  
  90  37:30  Hellion x2  
Show
View Real Time Build Order
Export as new Build Order

soO Zerg 

Build Orders: Hatch First, Brood Lord Corruptor, Muta Ling Bane 

Get SALT Encoding   

  12  0:00  Drone  
  13  0:11  Overlord  
  13  0:17  Drone  
  14  0:30  Drone x2  
  16  0:47  Hatchery  
  15  0:50  Drone  
  15  0:54  Drone  
  18  0:57  Drone  
  18  1:07  Extractor  
  17  1:12  Spawning Pool  
  17  1:15  Drone  
  17  1:18  Drone  
  18  1:29  Drone  
  19  1:39  Drone  
  20  1:48  Overlord  
  20  1:58  Queen  
  20  1:59  Zergling x2, Queen  
  20  2:00  Zergling x2  
  26  2:08  Metabolic Boost  
  26  2:10  Drone  
  27  2:24  Hatchery  
  27  2:28  Drone  
  27  2:30  Drone  
  27  2:33  Drone  
  29  2:41  Queen  
  31  2:45  Drone  
  31  2:48  Overlord  
  33  2:51  Drone  
  33  2:54  Drone  
  33  2:56  Drone  
  35  2:59  Drone  
  36  3:08  Drone x3  
  36  3:09  Drone  
  40  3:15  Overlord  
  40  3:16  Pneumatized Carapace  
  40  3:21  Queen  
  40  3:24  Drone  
  44  3:27  Drone  
  44  3:36  Drone x3  
  44  3:37  Queen  
  44  3:38  Drone  
  50  3:45  Drone  
  50  3:47  Drone  
  52  3:51  Overlord, Drone  
  52  3:54  Overlord  
  53  3:57  Queen  
  53  3:59  Drone  
  53  4:01  Overlord  
  53  4:02  Drone  
  57  4:05  Overlord  
  57  4:08  Drone  
  58  4:11  Drone  
  58  4:12  Drone x2  
  58  4:16  Drone  
  62  4:18  Drone  
  62  4:21  Drone  
  62  4:26  Drone x2  
  62  4:31  Zergling x16  
  72  4:34  Spore Crawler  
  71  4:42  Spore Crawler, Lair  
  71  4:43  Drone x3  
  71  4:45  Extractor  
  72  4:47  Baneling Nest, Queen  
  73  4:54  Zergling x2  
  73  4:55  Zergling x2  
  73  4:56  Drone  
  73  4:59  Drone x5  
  82  5:00  Drone  
  82  5:03  Overlord  
  82  5:07  Overlord  
  82  5:08  Overlord  
  82  5:11  Overlord  
  82  5:12  Overlord  
  82  5:14  Overlord  
  82  5:17  Extractor  
  82  5:18  Drone x2, Extractor  
  82  5:24  Drone x2  
  82  5:26  Drone  
  82  5:28  Roach Warren  
  83  5:29  Drone x3  
  83  5:32  Drone x3  
  83  5:35  Extractor  
  88  5:36  Spore Crawler, Extractor  
  88  5:38  Drone x2  
  88  5:40  Drone  
  89  5:44  Spire  
  89  5:46  Drone  
  89  5:49  Drone  
  90  5:55  Queen  
  94  5:59  Zergling x6  
  94  6:00  Zergling x4  
  94  6:01  Zergling x2  
  94  6:02  Zergling x2  
  94  6:03  Zergling x2  
  91  6:06  Zergling x6  
  86  6:12  Drone x4  
  86  6:14  Drone  
  79  6:21  Drone  
  79  6:24  Drone  
  80  6:29  Drone x2  
  80  6:31  Drone x2  
  82  6:34  Drone x2  
  82  6:37  Drone  
  85  6:45  Drone x2  
  87  6:52  Hatchery  
  87  6:53  Drone x2  
  88  6:54  Glial Reconstitution  
  88  6:56  Drone x2  
  88  6:57  Drone  
  90  7:04  Mutalisk x5  
  90  7:05  Mutalisk  
  102  7:11  Evolution Chamber  
  102  7:12  Evolution Chamber  
  100  7:20  Drone x2  
  100  7:21  Drone x2  
  100  7:22  Drone  
  105  7:23  Infestation Pit  
  105  7:26  Drone  
  105  7:28  Overlord, Drone  
  106  7:30  Drone  
  106  7:35  Drone  
  106  7:36  Drone x2  
  107  7:37  Zerg Missile Weapons Level 1, Zerg Ground Armor Level 1  
  107  7:40  Drone  
  107  7:46  Roach x4  
  115  7:53  Roach x3  
  115  7:54  Drone x2  
  115  7:57  Drone, Extractor  
  115  7:58  Baneling Nest  
  122  8:08  Overlord  
  122  8:11  Hive  
  122  8:15  Drone x3  
  122  8:18  Drone  
  122  8:19  Extractor  
  121  8:23  Drone  
  121  8:24  Drone x2  
  124  8:29  Roach x6  
  124  8:32  Ravager x4  
  140  8:36  Overlord  
  140  8:42  Ravager x2  
  140  8:43  Ravager, Roach x4  
  140  8:45  Overlord x2  
  140  8:46  Overlord, Centrifical Hooks  
  151  8:49  Overlord  
  151  8:51  Overlord  
  151  8:52  Overlord  
  151  8:53  Overlord  
  151  8:56  Hatchery  
  150  9:04  Drone x2  
  150  9:09  Drone x2  
  149  9:10  Drone  
  149  9:11  Drone  
  149  9:14  Drone x2  
  153  9:20  Drone x2  
  153  9:21  Drone  
  153  9:22  Drone  
  157  9:24  Greater Spire  
  157  9:25  Drone  
  157  9:26  Baneling x3  
  157  9:27  Baneling x2  
  158  9:35  Drone x6  
  164  9:41  Baneling x2  
  164  9:42  Baneling, Roach x3  
  170  9:46  Zerg Melee Weapons Level 1, Zerg Missile Weapons Level 2  
  170  9:53  Spine Crawler  
  170  9:56  Spine Crawler  
  170  9:59  Extractor  
  167  10:03  Extractor  
  167  10:05  Roach x5  
  175  10:12  Drone x2  
  175  10:13  Corruptor  
  175  10:14  Corruptor x7  
  176  10:58  Brood Lord x6  
  176  10:59  Brood Lord x2  
  184  11:05  Roach x4, Zergling x10  
  197  11:15  Queen  
  197  11:27  Drone x3  
  195  11:37  Drone  
  195  11:38  Drone x2, Overseer  
  196  11:46  Drone x2  
  198  11:48  Ravager  
  198  11:49  Spore Crawler  
  198  11:52  Spore Crawler  
  197  12:01  Zerg Flyer Weapons Level 1  
  197  12:12  Hatchery  
  197  12:13  Corruptor x2  
  198  12:23  Overseer  
  195  12:35  Zerg Melee Weapons Level 2  
  195  12:36  Zerg Missile Weapons Level 3, Hatchery  
  194  12:41  Corruptor  
  194  12:42  Corruptor  
  197  12:51  Burrow, Spore Crawler  
  195  12:52  Spine Crawler  
  195  12:55  Overseer x2  
  193  12:59  Corruptor x3  
  189  13:10  Corruptor x7  
  194  13:20  Corruptor x8  
  192  13:38  Ravager x3  
  195  13:45  Zergling x8  
  198  13:50  Drone x2  
  198  13:51  Drone  
  198  13:52  Hatchery  
  195  14:06  Brood Lord x2  
  199  14:10  Extractor  
  199  14:12  Drone x2  
  199  14:16  Ravager x3  
  199  14:27  Drone  
  199  14:29  Hatchery  
  195  14:33  Corruptor x2  
  198  14:42  Zerg Flyer Weapons Level 2  
  190  14:52  Corruptor x6  
  198  14:58  Corruptor x4  
  197  15:08  Ravager x2  
  197  15:12  Zerg Ground Armor Level 2  
  199  15:15  Spore Crawler x2  
  199  15:16  Spore Crawler  
  190  15:33  Drone x3  
  190  15:34  Drone x3  
  186  15:38  Drone x2  
  186  15:40  Hatchery  
  186  15:41  Corruptor x7  
  200  15:48  Spine Crawler x2  
  196  15:58  Spore Crawler  
  196  16:03  Drone x3  
  192  16:06  Spore Crawler  
  189  16:30  Hatchery  
  188  16:39  Corruptor x3  
  188  16:40  Corruptor x3  
  188  16:43  Hatchery  
  169  16:56  Extractor  
  169  17:00  Corruptor x13  
  164  17:06  Zergling x10  
  157  17:10  Viper  
  157  17:12  Viper  
  157  17:14  Pathogen Glands  
  163  17:20  Brood Lord  
  163  17:21  Brood Lord  
  167  17:48  Zergling x2  
  167  17:49  Zergling x14  
  175  17:59  Drone  
  175  18:03  Extractor  
  175  18:04  Adrenal Glands  
  175  18:05  Zergling x20  
  177  18:21  Brood Lord x2  
  177  18:22  Brood Lord  
  177  18:26  Corruptor x8  
  198  18:45  Drone x3  
  199  18:48  Spine Crawler  
  170  19:11  Corruptor x11  
  173  19:26  Corruptor x9  
  181  19:47  Drone  
  182  19:54  Hatchery  
  180  20:01  Corruptor x5  
  180  20:02  Corruptor  
  187  20:10  Infestor x2  
  191  20:23  Infestor x4  
  199  20:49  Drone x12  
  192  20:58  Corruptor x4  
  199  21:09  Spore Crawler  
  196  21:14  Corruptor  
  177  21:33  Corruptor x6  
  161  21:42  Corruptor  
  145  21:50  Drone x2  
  143  22:03  Drone x3  
  143  22:05  Extractor  
  143  22:06  Extractor  
  144  22:10  Infestor x2  
  144  22:12  Drone x3  
  144  22:13  Extractor  
  144  22:15  Extractor  
  149  22:18  Drone  
  149  22:19  Drone  
  151  22:25  Drone  
  151  22:26  Corruptor x2  
  151  22:27  Spore Crawler x2  
  151  22:28  Spore Crawler  
  153  22:33  Drone  
  154  22:42  Zergling x6  
  154  22:43  Zergling x6  
  160  22:52  Drone  
  160  22:55  Drone  
  162  23:00  Infestor x2  
  164  23:24  Roach x2  
  167  23:34  Zergling x12  
  170  23:36  Overseer x3  
  173  23:43  Drone  
  173  23:48  Ravager x2  
  176  23:49  Spore Crawler  
  176  23:50  Hatchery  
  176  23:51  Spore Crawler  
  176  23:52  Roach x6  
  177  24:10  Viper x2  
  177  24:16  Corruptor x8  
  192  24:39  Corruptor x4  
  176  24:52  Corruptor  
  178  25:01  Drone  
  179  25:10  Drone  
  179  25:11  Drone x2  
  182  25:17  Hatchery  
  181  25:22  Corruptor x2  
  181  25:26  Overseer  
  185  25:30  Zergling x12  
  190  25:52  Spore Crawler  
  190  25:54  Spore Crawler, Corruptor  
  190  25:55  Spore Crawler, Corruptor  
  190  25:56  Spore Crawler  
  190  26:01  Drone  
  190  26:02  Drone x5  
  196  26:34  Corruptor x2  
  200  26:43  Extractor  
  200  26:44  Spore Crawler  
  200  26:46  Drone x2  
  200  26:58  Spore Crawler x2  
  200  26:59  Spore Crawler  
  197  27:16  Drone x2  
  197  27:19  Spore Crawler  
  197  27:21  Spore Crawler  
  191  27:31  Spore Crawler  
  191  27:35  Drone x3  
  193  27:39  Spore Crawler  
  184  27:53  Hatchery  
  183  28:00  Corruptor x5  
  193  28:06  Overlord  
  193  28:10  Overlord  
  193  28:12  Drone  
  194  28:23  Overlord, Hatchery  
  194  28:25  Hatchery  
  192  28:30  Corruptor x2  
  196  28:47  Extractor  
  195  28:48  Drone x2  
  195  28:49  Drone x2  
  195  28:51  Extractor  
  195  28:53  Infestor  
  180  29:04  Corruptor x2  
  177  29:11  Spore Crawler x3  
  177  29:12  Spore Crawler  
  177  29:13  Spore Crawler  
  177  29:14  Spore Crawler x2  
  170  29:17  Drone x6  
  176  29:43  Drone x3  
  178  30:08  Drone  
  178  30:09  Drone  
  178  30:42  Drone x3  
  181  30:56  Hatchery  
  180  31:04  Corruptor x2  
  180  31:08  Drone  
  185  31:18  Zerg Flyer Armor Level 1  
  185  31:20  Drone  
  186  31:25  Drone  
  186  31:26  Drone  
  188  31:41  Corruptor x2  
  188  32:19  Corruptor  
  188  32:30  Drone  
  47  33:50  Neural Parasite  
  47  33:51  Drone x2  
  47  33:52  Drone  
  47  33:53  Ravager  
  51  33:56  Roach  
  51  34:01  Roach  
  55  34:06  Roach  
  55  34:14  Roach x2  
  55  34:15  Drone  
  56  34:23  Roach  
  56  34:24  Roach x2  
  62  34:28  Drone x2  
  64  34:33  Ravager x2  
  64  34:34  Ravager  
  67  34:44  Roach, Zergling x6  
  66  34:53  Zergling x4  
  45  35:23  Drone x3  
  45  35:24  Drone x3  
  46  35:34  Drone  
  45  36:12  Roach x2  
  49  36:19  Roach  
  51  36:30  Roach  
  53  36:39  Drone  
  54  36:48  Roach  
  56  37:03  Drone x2  
  58  37:14  Drone  
  58  37:16  Drone x2  
  60  37:28  Drone  
  61  37:40  Drone  
  61  37:44  Drone  
Tags
 
Add a new tag
Caveats
  • Supply blocks, unpowered buildings, or Contaminate may cause inaccurate times.
  • Supply counts are checked every 10 seconds.